 Dungeon Crawl Stone Soup version 0.26-b1-32-g5d43845318 (webtiles) character file.

Game seed: 10627653852826288247

184 Borgoz the Ducker (level 5, 0/45 HPs)
             Began as a Ghoul Gladiator on Jan 13, 2021.
             Slain by a ball python (2 damage)
             ... in a sewer.
             The game lasted 00:04:31 (3085 turns).

Borgoz the Ducker (Ghoul Gladiator)                 Turns: 3085, Time: 00:04:31

Health: 0/45       AC: 13    Str: 19    XL:     5   Next: 63%
Magic:  4/4        EV:  3    Int:  3    God:
Gold:   212        SH:  0    Dex: 10    Spells: 4/4 levels left

rFire    . . .     SeeInvis .   a - +1 flail
rCold    + . .     Faith    .   (no shield)
rNeg     + + +     Spirit   .   m - +0 plate armour
rPois    ∞         Reflect  .   c - +0 helmet
rElec    .         Harm     .   j - +0 cloak
rCorr    .         Rampage  .   (no gloves)
Will     .....                  (no boots)
Stlth    ..........             (no amulet)
HPRegen  0.00/turn              (no ring)
MPRegen  0.09/turn              (no ring)

@: constricted, very slow
A: claws 1, cold resistance 1, negative energy resistance 3, inhibited
regeneration, torment resistance, unbreathing
a: no special abilities


You were in a sewer.
You visited 1 branch of the dungeon, and saw 3 of its levels.
You also visited: Sewer.

You collected 212 gold pieces.

Inventory:

Hand Weapons
 a - a +1 flail (weapon)
Missiles
 d - 3 throwing nets (quivered)
Armour
 c - a +0 helmet (worn)
 j - a +0 cloak (worn)
 m - a +0 plate armour (worn)
Scrolls
 b - a scroll of fear {unknown}
 f - a scroll of enchant armour
 h - a scroll of remove curse
 i - 2 scrolls of teleportation
 n - a scroll of blinking {unknown}
 o - a scroll of amnesia {unknown}
Potions
 g - a potion of attraction {unknown}
 k - a potion of magic
 l - a potion of brilliance


   Skills:
 * Level 3.5 Fighting
 * Level 3.6 Maces & Flails
 - Level 1.7 Throwing
 * Level 2.1 Armour
 * Level 3.6 Dodging


You had 4 spell levels left.
You didn't know any spells.
Your spell library was empty.

Dungeon Overview and Level Annotations

Branches:
Dungeon (3/15)              Sewer (1/1)

Altars:
Trog


Innate Abilities, Weirdness & Mutations

You thrive by killing the living.
You are immune to poison.
You have sharp fingernails.
Your flesh is cold resistant. (rC+)
You are immune to negative energy. (rN+++)
You do not regenerate when monsters are visible.
You are immune to unholy pain and torment.
You can survive without breathing.


Message History

The ball python bites you but does no damage.
The ball python constricts you.
The ball python bites you but does no damage.
The ball python barely misses you.
The ball python bites you but does no damage.
The ball python constricts you.
You closely miss the ball python.
The ball python is heavily wounded.
The ball python bites you but does no damage. x3
* * * LOW HITPOINT WARNING * * *
The ball python constricts you.
Your unstable footing causes you to fumble your attack.
The ball python bites you but does no damage. x3
The ball python constricts you. The ball python completely misses you.
The ball python bites you but does no damage.
Your unstable footing causes you to fumble your attack.
The ball python completely misses you. The ball python constricts you.
The ball python bites you but does no damage.
The ball python bites you.
You die...

#≈≈#≈≈≈#
#≈≈≈≈≈≈#
#≈.≈≈≈≈#
#≈≈≈≈≈≈#
#≈.≈≈≈≈#
#≈.†≈.≈#
#≈≈#≈≈≈#
#rrr(.≈#
#≈#≈≈≈≈#
#≈≈r.≈≈#
#≈≈≈≈≈≈#
#rr≈≈≈≈#
#≈≈≈≈≈≈#
#≈≈≈≈≈≈#
#≈≈≈≈≈≈#
#≈≈≈≈≈≈#
#≈≈S@≈≈#
#≈≈≈≈≈≈#
#≈≈≈SS≈#
#≈≈≈≈≈≈#
#..≈≈.##
##.≈≈≈.#
#......
......#
##......
.....##
#.......
.....#
##.......
####.....


You could see 3 ball pythons.

Vanquished Creatures
  5 adders
  3 river rats (Sewer)
  An adder zombie (D:3)
  3 worms (D:2)
  3 dart slugs
  5 leopard geckos
  7 ball pythons
  6 bats
  5 giant cockroaches
  14 goblins
  8 hobgoblins
  A quokka (D:3)
  4 frilled lizards
  5 kobolds
  22 rats
92 creatures vanquished.

Notes
Turn   | Place    | Note
-------+----------+-------------------------------------------
     0 | D:1      | Borgoz the Ghoul Gladiator began the quest for the Orb.
     0 | D:1      | Reached XP level 1. HP: 17/17 MP: 0/0
   186 | D:1      | Reached XP level 2. HP: 19/25 MP: 1/1
   986 | D:1      | Reached XP level 3. HP: 30/30 MP: 2/2
  1092 | D:1      | Reached skill level 1 in Armour
  1781 | D:2      | Reached XP level 4. HP: 32/37 MP: 3/3
  2034 | D:2      | Found a bloodstained altar of Trog.
  2664 | D:3      | Reached XP level 5. HP: 45/45 MP: 4/4
  2758 | D:3      | Found a glowing drain.
  2790 | Sewer    | Entered a sewer
  3071 | Sewer    | HP: 1/45 [river rat (6)]
  3083 | Sewer    | HP: 2/45 [ball python (1)]
  3085 | Sewer    | Slain by a ball python

Illustrated notes

Levels and vault maps discovered:
D:1:      dpeg_arrival_shrine, layout_basic, feat_on_display
D:2:      layout_basic, trog_hazing_becter
D:3:      layout_loops_ring, gup_sewer_entry_pipe, serial_park_tiny_1
Sewer:    sewer_minmay_w

Skill      XL: |  1  2  3  4  5 |
---------------+----------------+-----
Maces & Flails | 3 |  3.6
Dodging        | 3 |  3.6
Armour         | 1 2 |  2.1
Fighting       | 3 |  3.5
Throwing       | |  1.7

Action                   |  1- 3 |  4- 6 || total
-------------------------+-------+-------++-------
Melee: Flail             |   115 |   294 ||   409
  Use: Scroll            |     2 |     7 ||     9
       Potion            |       |     2 ||     2
Armor: Leather armour    |    32 |       ||    32
       Plate armour      |    10 |   336 ||   346
Dodge: Dodged            |    92 |   168 ||   260
